 Dungeon Crawl Stone Soup version 0.29-a0-418-gc0181ea820 (webtiles) character file.

Game seed: 11516642470652467918

19 jsc133 the Digger (level 2, -4/24 HPs)
             Began as a Troll Earth Elementalist on May 17, 2022.
             Was an Initiate of Vehumet.
             Slain by Sigmund
             ... wielding a +0 scythe of protection
              (8 damage)
             ... on level 2 of the Dungeon.
             The game lasted 00:03:54 (478 turns).

jsc133 the Digger (Troll Earth Elementalist)         Turns: 478, Time: 00:03:54

Health: -4/24      AC:  4    Str: 15    XL:     2   Next: 55%
Magic:  1/2        EV: 10    Int: 11    God:    Vehumet [......]
Gold:   0          SH:  0    Dex: 10    Spells: 2/3 levels left

rFire   . . .      SeeInvis .   f - staff of cold
rCold   + . .      Faith    .   (no shield)
rNeg    . . .      Spirit   .   b - +0 robe
rPois   .          Reflect  .   (helmet restricted)
rElec   .          Harm     .   (no cloak)
rCorr   .          Rampage  .   (gloves unavailable)
Will    .....                   (boots unavailable)
Stlth   +.........              (no amulet)
HPRegen 0.88/turn               (no ring)
MPRegen 0.08/turn               (no ring)

@: confused
A: large, unfitting armour, claws 3, regeneration 1, shaggy fur 1, tough skin 1
a: Renounce Religion


You were on level 2 of the Dungeon.
You worshipped Vehumet.
Vehumet was noncommittal.
You visited 1 branch of the dungeon, and saw 2 of its levels.

Inventory:

Hand Weapons
 g - a +0 club
Missiles
 a - 34 stones
Armour
 b - a +0 robe (worn)
Magical Staves
 f - a staff of cold (weapon)
Scrolls
 d - a scroll of enchant weapon {unknown}
 e - a scroll of poison {unknown}
 h - a scroll of fog {unknown}
 i - a scroll of vulnerability {unknown}
 k - a scroll of identify {unknown}
Potions
 c - a potion of magic
 j - a potion of might {unknown}


   Skills:
 + Level 1.8 Dodging
 + Level 1.0 Stealth
 + Level 0.3 Unarmed Combat
 + Level 1.2 Spellcasting
 + Level 0.6 Transmutations
 + Level 3.2 Earth Magic


You had 2 spell levels left.
You knew the following spells:

 Your Spells              Type           Power      Damage    Failure   Level
a - Sandblast             Erth           14%        2d6       9%          1

Your spell library contained the following spells:

 Spells                   Type           Power      Damage    Failure   Level
 Passwall                 Tmut/Erth      3%         N/A       22%         2
 Stone Arrow              Conj/Erth      8%         3d7       43%         3
 Petrify                  Tmut/Erth      4%         N/A       80%         4


Dungeon Overview and Level Annotations

Branches:
Dungeon (2/15)

Altars:
Vehumet

Annotations:
D:2 Sigmund


Innate Abilities, Weirdness & Mutations

You are too large for most types of armour.
You have claws for hands.
Your natural rate of healing is unusually fast.
You are covered in fur. (AC +1)
You have tough skin. (AC +1)


Message History

You miscast Sandblast.
You are very lightly contaminated with residual magic.
Nothing appears to happen.
Casting: Sandblast (safe; 9% risk of failure)
Confirm with . or Enter, or press ? or * to list all spells.
Aiming: Sandblast (safe; 9% risk of failure)
Press: ? - help, Shift-Dir - straight line, f/p - Sigmund
Aim: Sigmund, wielding a +0 scythe of protection and wearing a +0 robe (asleep, 100% to hit)
The blast of sand hits Sigmund but does no damage.
Sigmund shouts!
Sigmund is suddenly surrounded by pale blue light.
Sigmund barely misses you.
Found a leather armour.
You hit Sigmund but do no damage.
Sigmund's eyes start glowing with a red light.
Sigmund hits you with a +0 scythe of protection.
You closely miss Sigmund.
Sigmund hits you with a +0 scythe of protection.
You hit Sigmund but do no damage. Sigmund closely misses you.
You barely miss Sigmund.
Your magical contamination has completely faded away.
You hit Sigmund but do no damage. Sigmund barely misses you.
You barely miss Sigmund. Sigmund gestures at you while chanting.
The puff of flame hits you but does no damage.
You closely miss Sigmund.
Sigmund points at you and mumbles some strange words.
The puff of flame hits you.
Sigmund screams, "Die, monster!"
Sigmund hits you with a +0 scythe of protection!
You hit Sigmund but do no damage. You hit Sigmund but do no damage.
Sigmund casts a spell at you.
You are confused.
You closely miss Sigmund. Sigmund hits you but does no damage.
Sigmund attacks as you move away!
Sigmund hits you with a +0 scythe of protection!
* * * LOW HITPOINT WARNING * * *
Sigmund hits you from afar with a +0 scythe of protection!
You die...

.#..# # ... .####
.. .###....... ..
........ ...##.
.###.### #.#..
.##.# ..[. .#.#
#.. ..[# #.####
##.# #@.@.# #.#
####.# #.# #.# #.#
#.# #.# #.# #.#
#.#### #.# ######
#♣♣≈≈≈P♣ ##.##
##...≈≈♣♣P≈≈P≈♣≈♣≈
.....
..♣≈♣♣≈≈≈≈≈P≈≈P≈≈≈


You could see Sigmund.

Vanquished Creatures
  2 endoplasms (D:1)
  2 giant cockroaches (D:1)
  2 goblins
  2 hobgoblins
  A quokka (D:1)
  2 ball pythons (D:1)
  A frilled lizard (D:1)
  4 kobolds
  3 rats (D:1)
19 creatures vanquished.

Vanquished Creatures (others)
  3 plants (D:2)
3 creatures vanquished.

Grand Total: 22 creatures vanquished

Notes
Turn   | Place    | Note
-------+----------+-------------------------------------------
     0 | D:1      | jsc133 the Troll Earth Elementalist began the quest for the
                  | Orb.
     0 | D:1      | Reached XP level 1. HP: 16/16 MP: 1/1
    87 | D:1      | Reached skill level 3 in Earth Magic
    93 | D:1      | Found a faded altar of an unknown god.
   108 | D:1      | Reached XP level 2. HP: 20/24 MP: 2/2
   270 | D:1      | You fall into a shaft and drop 1 floor!
   347 | D:2      | Found a radiant altar of Vehumet.
   398 | D:2      | Became a worshipper of Vehumet
   462 | D:2      | Noticed Sigmund
   478 | D:2      | Slain by Sigmund

Illustrated notes

Levels and vault maps discovered:
D:1:      elethiomel_arrival_quiet, layout_loops_ring,
          hellmonk_ecumenical_altar_arch_garden,
          amcnicky_mini_rare_corridor_liquid, kennysheep_pointless_box
D:2:      layout_loops_ring, basic_altar, serial_shops, shop,
          serial_bayou_lake_a, uniq_natasha, uniq_sigmund

Skill      XL: |  1 |
---------------+----+-----
Earth Magic    | 3 |  3.2
Dodging        | |  1.8
Stealth        | |  1.0
Unarmed Combat | |  0.3
Spellcasting   | |  1.2
Transmutations | |  0.6

Action                   || total
-------------------------++-------
Melee: Unarmed           ||    42
       Staff             ||    36
 Cast: Sandblast         ||     9
Armor: Robe              ||    29
Dodge: Dodged            ||    35

Table legend: (Time is in decaauts)
 A = Elapsed time spent in this place.
 B = Non-inter-level travel time spent in this place.
 C = Inter-level travel time spent in this place.
 D = Time resting spent in this place.
 E = Time spent auto-exploring this place.
 F = Levels seen in this place.
 G = Mean time per level.
                   A        B        C        D        E       F      G
               +--------+--------+--------+--------+--------+-----+--------+
         Total |    502 |    502 |      0 |      0 |      0 |   2 |  251.0 |
       Dungeon |    502 |    502 |      0 |      0 |      0 |   2 |  251.0 |
               +--------+--------+--------+--------+--------+-----+--------+

Top non-repeatable levels by time:
     D:1: 309 daAuts
     D:2: 192 daAuts
